 Dungeon Crawl Stone Soup version 0.27.1-33-g824d729ab1 (console) character file.

Game seed: 2849099877850520346

410 Banquo the Chopper (level 7, -4/52 HPs)
             Began as a Djinni Chaos Knight on Dec 16, 2021.
             Was a Plaything of Xom.
             Splashed by a jelly's acid (9 damage)
             ... on level 4 of the Dungeon.
             The game lasted 00:11:59 (4106 turns).

Banquo the Chopper (Djinni Chaos Knight)            Turns: 4106, Time: 00:12:00

Health: -4/52      AC: -2    Str: 11    XL:     7   Next: 13%
Gold:   162        EV: 12    Int: 19    God:    Xom [..*...] SH:  5 Dex: 15

rFire    + + .     SeeInvis .   b - +0 hand axe (vamp)
rCold    . . .     Faith    .   (no shield)
rNeg     . . .     Spirit   .   n - +2 leather armour
rPois    ∞         Reflect  +   (no helmet)
rElec    .         Harm     .   (no cloak)
rCorr    .         Rampage  .   (no gloves)
Will     .....                  (boots unavailable)
Stlth    +.........             v - amulet of reflection
HPRegen  0.17/turn              l - ring of ice
MPRegen  0.00/turn              p - ring of protection from fire

@: corroded, unable to read, flying
A: sickness immunity, fire resistance 2, cold vulnerability 1, float, innate
caster, hp casting, extra vitality 1, agile 1, clever 2, screaming 1, inability
to read while threatened
a: Renounce Religion


You were on level 4 of the Dungeon.
You worshipped Xom.
You were a toy of Xom.
You visited 1 branch of the dungeon, and saw 4 of its levels.

You collected 162 gold pieces.

Inventory:

Hand Weapons
 a - a +0 hand axe of chaos
 b - a +0 vampiric hand axe (weapon)
 s - a +1 dagger of venom
 t - a +0 hand axe
 w - a +0 halberd
Missiles
 c - 21 poisoned darts (quivered)
 e - 5 curare-tipped darts
 g - 120 stones
Armour
 n - a +2 leather armour (worn)
Jewellery
 l - a ring of ice (left hand)
 p - a ring of protection from fire (right hand)
 v - an amulet of reflection (around neck)
Scrolls
 d - a scroll of magic mapping
 h - a scroll of noise
 j - 5 scrolls of identify
 o - a scroll of enchant weapon {unknown}
 x - a scroll of silence {unknown}
Potions
 f - 2 potions of lignification
 i - a potion of degeneration {unknown}
 k - 2 potions of curing
 m - 2 potions of resistance
 q - a potion of might {unknown}
 r - a potion of heal wounds {unknown}
 u - a potion of brilliance {unknown}


   Skills:
 * Level 4.2 Fighting
 * Level 4.5 Axes
 + Level 2.3 Armour
 + Level 2.9 Dodging
 * Level 1.6 Spellcasting


You had 4 spell levels left.
You knew the following spells:

 Your Spells              Type           Power      Damage    Failure   Level
a - Animate Skeleton      Necr           14%        N/A       12%         1
b - Ensorcelled Hibernat  Hex/Ice        22%        N/A       17%         2
c - Static Discharge      Conj/Air       7%         N/A       17%         2
Your spell library was empty.

Dungeon Overview and Level Annotations

Branches:
Dungeon (4/15)
 Temple: D:4-7

Altars:

Shops:
D:2 ?*(

Annotations:
D:4 Pikel


Innate Abilities, Weirdness & Mutations

You are immune to sickness and miasma.
You are immune to poison.
Your flesh is very heat resistant. (rF++)
You are vulnerable to cold. (rC-)
You float through the air rather than walking.
You learn spells naturally, not from books.
Your magical power is your life essence.
You have superior vitality. (+4 HP)
You are agile. (Dex +2)
Your mind is very acute. (Int +4)
You occasionally shout uncontrollably at your foes.
You sometimes lose the ability to read scrolls when taking damage.


Message History

You hit the jelly. The acid corrodes you!
Your hands burn!
The orc priest hits you with a +0 dagger.
The jelly hits you.
You are splashed with acid!
You feel threatened and lose the ability to read scrolls!
You hit the orc priest but do no damage.
The orc priest is lightly wounded.
You hit the jelly. The acid corrodes you!
Your hands burn!
You block the orc priest's attack. The jelly hits you.
You are splashed with acid!
You hit the orc priest but do no damage.
The orc priest is lightly wounded.
You hit the jelly but do no damage.
Your hands burn!
You hit the goblin.
You feel better.
You kill the goblin!
The orc priest hits you with a +0 dagger.
The jelly jiggles.
The jelly barely misses you.
You barely miss the orc priest.
The orc priest is lightly wounded.
You completely miss the jelly. You block the orc priest's attack.
The jelly hits you.
You are splashed with acid!
* * * LOW HITPOINT WARNING * * *
Unknown command.
You hit the orc priest but do no damage.
The orc priest is lightly wounded.
You hit the jelly.
You feel better.
Your hands burn!
* * * LOW HITPOINT WARNING * * *
You block the orc priest's attack. The jelly barely misses you.
The orc priest miscasts a cantrip.
Unknown command.
There is an open door here.
You see here an adder corpse.
You hit the jelly.
Your hands burn!
* * * LOW HITPOINT WARNING * * *
The jelly is almost dead.
The jelly hits you.
* * * LOW HITPOINT WARNING * * *
You are splashed with acid!
You die...
Xom roars with laughter!

*,,,,,,*#.<..#....###..,,,***
*,,,,,,*####.'...###...,,***,
*,,>,,,* #.#..######+****,,
***,,,,* #.#.###.#...,,*,,,
*,,,,* #.####..#..),,*,,,
*,,,,* #.###...'.[.,,+,,,
*,,,,* #.##...w#...,,*,,*
****** #.#.....#...,,*,**
#@#oo).####+******
#.Jo.:###...,,***,
#.#..###....,***,,
#.#.###..$..***,,,
#.####..=..#**,,,,
#.###.....##*,,,,,
#..####+####***+**
#..........,,,,,,,
###........,,,,,,,


You could see a worm, a jelly, an orc priest and 2 orcs.

Vanquished Creatures
  2 lemures
  An orc priest (D:3)
  Jessica (D:3)
  2 orc wizards (D:3)
  A hound skeleton (D:3)
  8 adders
  2 worms (D:3)
  2 dart slugs (D:3)
  2 orcs
  9 ball pythons
  6 endoplasms
  3 giant cockroaches
  8 goblins
  8 hobgoblins
  A quokka (D:3)
  2 bats
  5 frilled lizards (D:1)
  3 kobolds
  6 rats
72 creatures vanquished.

Vanquished Creatures (collateral kills)
  Grinder (D:3)
  2 orc wizards (D:3)
  3 orcs (D:3)
6 creatures vanquished.

Grand Total: 78 creatures vanquished

Notes
Turn   | Place    | Note
-------+----------+-------------------------------------------
     0 | D:1      | Banquo the Djinni Chaos Knight began the quest for the Orb.
     0 | D:1      | Reached XP level 1. HP: 20/20 MP: 0/0
   121 | D:1      | Reached XP level 2. HP: 25/25 MP: 0/0
   231 | D:1      | XOM: silly message
   387 | D:1      | Found a faded altar of an unknown god.
   473 | D:1      | XOM: silly message
   740 | D:1      | Reached XP level 3. HP: 30/30 MP: 0/0
   740 | D:1      | Learned a level 1 spell: Animate Skeleton
   934 | D:2      | XOM: divination: detect creatures
   970 | D:2      | Found Kiusysm's Antique Weapon Shop.
  1221 | D:2      | XOM: silly message
  1380 | D:2      | Found Weraps's Magic Scroll Shop.
  1508 | D:2      | Found Bidgh's General Store.
  1752 | D:3      | Reached XP level 4. HP: 35/35 MP: 0/0
  1845 | D:3      | Noticed Jessica
  1858 | D:3      | Killed Jessica
  1859 | D:3      | Reached XP level 5. HP: 39/40 MP: 0/0
  1859 | D:3      | Learned a level 2 spell: Ensorcelled Hibernation
  2039 | D:3      | Noticed Grinder
  2039 | D:3      | XOM: divination: magic mapping
  2080 | D:3      | Paralysed by Grinder for 6 turns
  2087 | D:3      | Paralysed by Grinder for 6 turns
  2095 | D:3      | XOM: summons 4 friendly demons
  2123 | D:3      | Killed Grinder
  2124 | D:3      | Reached skill level 1 in Spellcasting
  2124 | D:3      | Reached XP level 6. HP: 11/47 MP: 0/0
  2168 | D:3      | XOM: give mutations
  2168 | D:3      | Gained mutation: Your mind is acute. (Int +2) [Xom's grace]
  2168 | D:3      | Gained mutation: Your mind is very acute. (Int +4) [Xom's
                  | grace]
  2274 | D:3      | XOM: 9-stop teleportation journey
  2277 | D:3      | XOM: give mutation
  2277 | D:3      | Gained mutation: You are agile. (Dex +2) [Xom's grace]
  2369 | D:3      | XOM: polymorph dart slug -> giant cockroach
  2644 | D:3      | HP: 2/47 [orc wizard/magic dart (2)]
  2789 | D:2      | XOM: give mutations
  2789 | D:2      | Gained mutation: You occasionally shout uncontrollably at
                  | your foes. [Xom's mischief]
  2789 | D:2      | Gained mutation: You sometimes lose the ability to read
                  | scrolls when taking damage. [Xom's mischief]
  2996 | D:3      | XOM: summons 6 friendly demons
  3073 | D:3      | XOM: 1-stop teleportation journey
  3590 | D:4      | Reached XP level 7. HP: 51/52 MP: 0/0
  3590 | D:4      | Learned a level 2 spell: Static Discharge
  3738 | D:4      | XOM: god gift: runed jade amulet {god gift}
  3826 | D:3      | XOM: god gift: halberd {god gift}
  3857 | D:3      | XOM: noise
  3985 | D:4      | Noticed Pikel
  4106 | D:4      | Splashed by a jelly's acid

Illustrated notes

Levels and vault maps discovered:
D:1:      eino_arrival_water_cross, layout_loops_ring,
          shapermc_ecumenical_altar_ellora
D:2:      layout_basic, serial_shops, nicolae_lakefront_shop, shop_fountains,
          shop
D:3:      layout_loops_corners, serial_rivers, chequers_serial_rivers_small_3,
          chequers_serial_rivers_small_b, chequers_serial_rivers_small_3,
          chequers_serial_rivers_micro_e, chequers_serial_rivers_micro_a,
          mrwooster_statue_mirror, uniq_jessica, uniq_grinder
D:4:      layout_basic, minmay_quadrilaterals, uniq_pikel, uniq_natasha

Skill      XL: |  1  2  3  4  5  6 |
---------------+-------------------+-----
Axes           | 3 4 |  4.5
Armour         | 2 |  2.3
Spellcasting   | 1 |  1.6
Fighting       | 4 |  4.2
Dodging        | |  2.9

Action                   |  1- 3 |  4- 6 |  7- 9 || total
-------------------------+-------+-------+-------++-------
Melee: Hand axe          |   118 |   120 |    80 ||   318
  Use: Scroll            |       |       |     7 ||     7
 Stab: Petrified         |       |     6 |       ||     6
       Petrifying        |       |     1 |       ||     1
       Sleeping          |       |     1 |     1 ||     2
Armor: Leather armour    |    38 |    39 |    14 ||    91
Dodge: Dodged            |    73 |    35 |    34 ||   142
Block: Other             |       |       |    15 ||    15
